 Dungeon Sprint DCSS version 0.18.1-48-g4cf74bf (webtiles) character file.

11053 Deeps the Tortoise (level 11, -6/117 HPs)
             Began as a Deep Dwarf Fighter on Aug 17, 2016.
             Was the Champion of Makhleb.
             Killed by divine providence
             ... invoked by an orc priest
              (10 damage)
             ... in the Dungeon (Sprint IX: "|||||||||||||||||||||||||||||").
             The game lasted 00:05:05 (923 turns).

Deeps the Tortoise (Deep Dwarf Fighter)              Turns: 923, Time: 00:05:06

Health: -6/117     AC: 25    Str: 22    XL:     11   Next: 44%
Magic:  11/11      EV:  8    Int: 10    God:    Makhleb [******]
Gold:   1278       SH: 14    Dex: 15    Spells: 0 memorised, 10 levels left

rFire  + . .     SeeInvis .     r - +3 war axe (freeze)
rCold  . . .     Gourm    .     A - +4 chain mail {rF+}
rNeg   . . .     Faith    .     c - +0 shield
rPois  .         Spirit   .     z - +2 helmet
rElec  .         Dismiss  .     u - +0 cloak
rCorr  .         Reflect  .     (no gloves)
SustAt .         Harm     .     (no boots)
MR     +....     NoTele   +     (no amulet)
Stlth  ..........               s - +3 ring of dexterity
                                v - +2 ring of protection

@: non-regenerating, somewhat resistant to hostile enchantments, extremely
unstealthy
A: damage resistance, recharge devices, sense surroundings 2, slow regeneration
3, subdued magic 1
a: Device Recharging, Minor Destruction, Lesser Servant of Makhleb, Major
Destruction, Greater Servant of Makhleb, Renounce Religion


You were in the Dungeon.
You worshipped Makhleb.
Makhleb was exalted by your worship.
You were very hungry.

You visited 1 branch You collected 1278 gold pieces.

Inventory:

Hand Weapons
 r - a +3 war axe of freezing (weapon)
Armour
 c - a +0 shield (worn)
 u - a +0 cloak (worn)
 z - a +2 helmet (worn)
 A - a +4 chain mail of fire resistance (worn)
Magical Staves
 q - an uncursed staff of energy
Jewellery
 s - a +3 ring of dexterity (right hand)
 v - a +2 ring of protection (left hand)
Wands
 e - a wand of heal wounds (0/9)
 p - a wand of iceblast (7/15)
 C - a wand of lightning (1/15)
Scrolls
 a - a scroll of recharging
 b - 2 scrolls of enchant armour
 l - 3 scrolls of blinking
 n - 3 scrolls of remove curse
 o - 2 scrolls of amnesia
 t - a scroll of fear
 y - 3 scrolls of identify
Potions
 g - 3 potions of curing
 j - 4 potions of magic
 k - a potion of berserk rage
 m - a potion of invisibility
 x - a potion of agility
Comestibles
 f - 13 bread rations
 h - 40 fruits
 B - 12 meat rations


   Skills:
 + Level 13.3 Fighting
 + Level 15.3 Axes
 + Level 15.5 Armour
 + Level 15.4 Shields


You had 10 spell levels left.
You didn't know any spells.

Dungeon Overview and Level Annotations

Branches:
Dungeon (1/1)

Altars:
Cheibriados
Dithmenos
Elyvilon
Fedhas
Gozag
Kikubaaqudgha
Makhleb
Nemelex Xobeh
Okawaru
Pakellas
Qazlal
Ru
Sif Muna
Trog
Vehumet
Xom
Yredelemnul
Zin
The Shining One
Beogh
Jiyva
Lugonu

Shops:
D [(


Innate Abilities, Weirdness & Mutations

You are resistant to damage.
You can recharge devices by infusing magical energy.
You passively map the area around you.
You do not regenerate naturally.
Your spells are a little easier to cast, but a little less powerful.


Message History

You closely miss the red devil.
The red devil is severely wounded.
The ice devil disappears in a puff of smoke!
You closely miss the red devil.
The red devil is severely wounded.
The red devil hits you but does no damage.
You hit the red devil. You freeze the red devil.
The red devil is almost dead.
The orc high priest calls down the wrath of Beogh upon you.
Beogh smites you!
* * * LOW HITPOINT WARNING * * *
You block the red devil's attack.
You slash the red devil! You freeze the red devil.
You kill the red devil!
The orc priest calls down the wrath of Beogh upon you.
Beogh smites you!
* * * LOW HITPOINT WARNING * * *
The orc priest calls down the wrath of Beogh upon you.
Beogh smites you!
You die...

*
,▓)▓.▓.▓.▓_▓
,
*,▓)▓.▓.▓.▓_▓
, , *
▓)▓.▓.▓.▓_▓ ,
*,
▓)▓.▓.▓.▓_▓ ,
, ,
▓.▓.▓.▓.▓_▓
*,*,
▓.▓.▓.▓.▓_▓ *
, ,
▓.▓.▓.▓.▓'▓ *
* ▓'▓.▓.▓.▓.▓
,* , ,
▓@▓.▓†▓.▓.▓
▓)▓.▓†▓.▓.▓
▓o▓.▓.▓.▓)▓ ,
* ▓o▓.▓.▓.▓[▓
, ,*,
,▓o▓.▓.▓.▓.▓
* * *,*
▓o▓.▓.▓.▓.▓
*,▓.▓.▓.▓.▓.▓
, ,* * *
▓4▓.▓.▓.▓.▓ ,
▓.▓.▓.▓(▓


You could see 2 orc high priests, a red devil and 2 orc priests.

Vanquished Creatures
  A catoblepas (D)
  7 death yaks (D)
  An orc high priest (D)
  An unseen horror (D)
  An orc knight (D)
  An ugly thing (D)
  Maurice (D)
  A spiny frog (D)
  2 komodo dragons (D)
  A troll (D)
  A polar bear (D)
  A yak (D)
  A hippogriff (D)
  A water moccasin (D)
  A porcupine (D)
  12 orc warriors (D)
  A centaur (D)
  3 crocodiles (D)
  6 giant frogs (D)
  A killer bee (D)
  A wight (D)
  6 orc priests (D)
  An iguana (D)
  2 orc wizards (D)
  4 worker ants (D)
  An adder (D)
  An ooze (D)
  A worm (D)
  A giant gecko (D)
  10 orcs (D)
  A goblin (D)
  A hobgoblin (D)
  A bat (D)
  A rat (D)
77 creatures vanquished.

Notes
Turn   | Place    | Note
--------------------------------------------------------------
     0 | D        | Deeps the Deep Dwarf Fighter began the quest for the Orb.
     0 | D        | Reached XP level 1. HP: 20/20 MP: 1/1
    19 | D        | Reached XP level 2. HP: 24/28 MP: 2/2
    51 | D        | Reached XP level 3. HP: 19/36 MP: 3/3
    58 | D        | Found a glowing silver altar of Zin.
    58 | D        | Found a glowing golden altar of the Shining One.
    58 | D        | Found an ancient bone altar of Kikubaaqudgha.
    58 | D        | Found a basalt altar of Yredelemnul.
    58 | D        | Found a shimmering altar of Xom.
    58 | D        | Found a radiant altar of Vehumet.
    59 | D        | Found an iron altar of Okawaru.
    60 | D        | Found a burning altar of Makhleb.
    61 | D        | Found a deep blue altar of Sif Muna.
    62 | D        | Found a bloodstained altar of Trog.
    63 | D        | Found a sparkling altar of Nemelex Xobeh.
    64 | D        | Found a white marble altar of Elyvilon.
    65 | D        | Found a roughly hewn altar of Beogh.
    66 | D        | Found a viscous altar of Jiyva.
    67 | D        | Found a corrupted altar of Lugonu.
    68 | D        | Became a worshipper of Makhleb the Destroyer
    69 | D        | Found a blossoming altar of Fedhas.
    70 | D        | Found a snail-covered altar of Cheibriados.
    71 | D        | Found a shadowy altar of Dithmenos.
    72 | D        | Found a stormy altar of Qazlal.
    73 | D        | Found an opulent altar of Gozag.
    74 | D        | Found a sacrificial altar of Ru.
    75 | D        | Found an oddly glowing altar of Pakellas.
   125 | D        | Noticed a centaur
   128 | D        | Reached skill level 5 in Armour
   128 | D        | Reached skill level 5 in Shields
   129 | D        | Reached * piety under Makhleb
   129 | D        | Reached skill level 5 in Axes
   129 | D        | Reached XP level 4. HP: 24/45 MP: 4/4
   147 | D        | Killed an unseen horror
   147 | D        | Reached XP level 5. HP: 36/57 MP: 5/5
   147 | D        | Reached XP level 6. HP: 42/66 MP: 6/6
   147 | D        | Reached XP level 7. HP: 46/72 MP: 7/7
   152 | D        | Reached ** piety under Makhleb
   160 | D        | Noticed a cyan ugly thing
   160 | D        | Noticed a troll
   175 | D        | Killed a cyan ugly thing
   175 | D        | Reached *** piety under Makhleb
   175 | D        | Reached skill level 10 in Axes
   175 | D        | Reached skill level 10 in Armour
   175 | D        | Reached skill level 10 in Shields
   175 | D        | Reached XP level 8. HP: 9/82 MP: 8/8
   199 | D        | Killed a troll
   199 | D        | Reached **** piety under Makhleb
   217 | D        | Gained mutation: Your spells are a little easier to cast, but a little less powerful. [mutagenic meat]
   351 | D        | Noticed a spiny frog
   351 | D        | Noticed a komodo dragon
   363 | D        | Killed a spiny frog
   367 | D        | Reached ***** piety under Makhleb
   380 | D        | Noticed a polar bear
   394 | D        | Killed a komodo dragon
   394 | D        | Reached skill level 10 in Fighting
   394 | D        | Gained mutation: You passively map the area around you. [Deep Dwarf growth]
   394 | D        | Reached XP level 9. HP: 12/93 MP: 9/9
   413 | D        | Killed a polar bear
   426 | D        | Noticed a komodo dragon
   434 | D        | Reached ****** piety under Makhleb
   440 | D        | Killed a komodo dragon
   473 | D        | Noticed a death yak
   473 | D        | Noticed a death yak
   473 | D        | Noticed a death yak
   473 | D        | Noticed a death yak
   473 | D        | Noticed a catoblepas
   473 | D        | Noticed a death yak
   478 | D        | Noticed a death yak
   490 | D        | Killed a death yak
   490 | D        | Reached XP level 10. HP: 105/105 MP: 10/10
   496 | D        | Noticed a death yak
   501 | D        | Killed a death yak
   512 | D        | Killed a death yak
   534 | D        | Killed a death yak
   550 | D        | Killed a catoblepas
   563 | D        | Killed a death yak
   579 | D        | Killed a death yak
   579 | D        | Reached XP level 11. HP: 44/115 MP: 11/11
   591 | D        | Killed a death yak
   672 | D        | Noticed Maurice
   678 | D        | Killed Maurice
   758 | D        | Reached skill level 15 in Armour
   797 | D        | Noticed an orc knight
   803 | D        | Reached skill level 15 in Shields
   820 | D        | Killed an orc knight
   820 | D        | Reached skill level 15 in Axes
   882 | D        | Found Mopon's Antique Armour Emporium.
   882 | D        | Noticed an orc high priest
   882 | D        | Noticed an orc high priest
   883 | D        | Noticed a sun demon
   891 | D        | HP: 5/117 [orc high priest/divine providence (12)]
   911 | D        | Noticed an orc high priest
   914 | D        | Killed an orc high priest
   915 | D        | Found Itoy's Weapon Shoppe.
   923 | D        | HP: 4/117 [orc priest/divine providence (13)]
   923 | D        | Killed from afar by an orc priest

Skill      XL: |  1  2  3  4  5  6  7  8  9 10 11 |
---------------+----------------------------------+-----
Fighting       | 3 4 7 8 10 11 12 13 | 13.3
Axes           | 3 4 5 8 10 11 12 14 15 | 15.3
Armour         | 4 5 9 10 11 13 14 15 | 15.5
Shields        | 4 5 9 10 11 13 14 15 | 15.4

Action                   |  1- 3 |  4- 6 |  7- 9 | 10-12 || total
-------------------------+-------+-------+-------+-------++-------
Melee: War axe           |    45 |    16 |   164 |   204 ||   429
Invok: Minor Destruction |       |       |       |     1 ||     1
Evoke: Wand              |       |       |     2 |     3 ||     5
  Use: Potion            |       |     1 |     3 |    10 ||    14
 Stab: Petrified         |       |       |       |     1 ||     1
  Eat: Chunk             |       |       |     1 |       ||     1
Armor: Scale mail        |    13 |       |       |       ||    13
       Chain mail        |     2 |    20 |    54 |    46 ||   122
Dodge: Dodged            |     5 |     1 |    25 |    32 ||    63
Block: Shield            |    17 |     4 |    81 |    70 ||   172
